 Dungeon Crawl Stone Soup version 0.26-a0-1060-g086102a3f0 (webtiles) character file.

Game seed: 9245924370874109618

30 Dracia the Abyss-Baptised (level 3, 0/29 HPs)
             Began as a Demonspawn Abyssal Knight on Dec 13, 2020.
             Was an Initiate of Lugonu.
             Succumbed to a gnoll's poison
             ... on level 1 of the Dungeon.
             The game lasted 00:01:36 (670 turns).

Dracia the Abyss-Baptised (DsAK)                     Turns: 670, Time: 00:01:37

Health: 0/29       AC: 10    Str: 13    XL:     3   Next: 3%
Magic:  5/5        EV: 10    Int: 13    God:    Lugonu [......]
Gold:   59         SH:  0    Dex: 12    Spells: 2/2 levels left

rFire    + . .     SeeInvis .   a - +1 falchion
rCold    + . .     Faith    .   (no shield)
rNeg     . . .     Spirit   +   e - +0 ring mail
rPois    +         Reflect  .   (helmet restricted)
rElec    +         Harm     .   (no cloak)
rCorr    +         Rampage  .   (no gloves)
Will     .....                  k - +0 pair of boots
Stlth    +.........             (no amulet)
HPRegen  0.09/turn              O - +4 ring of protection
MPRegen  0.09/turn              (no ring)

@: lethally poisoned (0 -> -2), resistant
A: antennae 1, magic shield
a: Renounce Religion


You were on level 1 of the Dungeon.
You worshipped Lugonu.
Lugonu was noncommittal.
You visited 1 branch of the dungeon, and saw 1 of its levels.
You visited the Abyss 1 time.

You collected 59 gold pieces.


Innate Abilities, Weirdness & Mutations

You have a pair of small antennae on your head.
When hurt, damage is shared between your health and your magic reserves.


   Skills:
 - Level 3.0 Fighting
 + Level 2.5 Long Blades
 - Level 1.7 Armour
 - Level 0.8 Dodging
 + Level 3.6 Invocations


You had 2 spell levels left.
You didn't know any spells.
Your spell library was empty.

Inventory:

Hand Weapons
 a - a +1 falchion (weapon)
Armour
 b - a +0 leather armour
 e - a +0 ring mail (worn)
 k - a +0 pair of boots (worn)
Jewellery
 O - a +4 ring of protection (left hand)
Scrolls
 d - a scroll of remove curse {unknown}
 f - 2 scrolls of enchant armour {unknown}
 i - a scroll of teleportation {unknown}
 l - a scroll of fog {unknown}

Dungeon Overview and Level Annotations

Branches:
Dungeon (1/15)

Altars:

#....# #....#
###....########
#.............#
#.............#
#.............#
#.....).......#
#.............#
#......@..(...#
#.............#
#.............#
#.........?...#
###############


There were no monsters in sight!


Message History

You start resting.
* * * LOW HITPOINT WARNING * * *
You feel sick.
Unknown command.
You start resting.
* * * LOW HITPOINT WARNING * * *
You feel sick.
Unknown command.
You start resting.
* * * LOW HITPOINT WARNING * * *
You feel sick.
Your transformation is almost over.
You start resting.
* * * LOW HITPOINT WARNING * * *
You feel sick.
* * * LOW HITPOINT WARNING * * *
You feel sick.
* * * LOW HITPOINT WARNING * * *
You feel sick.
You feel less wooden.
Your +0 pair of boots unmelds from your body.
Your +0 ring mail unmelds from your body.
There is a lethal amount of poison in your body!
There is a lethal amount of poison in your body!
Unknown command.
* * * LOW HITPOINT WARNING * * *
You feel sick.
You aren't carrying any potions.
Unknown command.
You die...

Skill      XL: |  1 |
---------------+----+-----
Long Blades    | 2 |  2.5
Invocations    | 3 |  3.6
Fighting       | |  3.0
Armour         | |  1.7
Dodging        | |  0.8

Action                   || total
-------------------------++-------
Melee: Falchion          ||    32
Invok: Depart the Abyss  ||     1
  Use: Potion            ||     4
Armor: Ring mail         ||    17
       Leather armour    ||     1
       Skin              ||     3
Dodge: Dodged            ||    10
       Rpst.: Falchion   ||     5

Levels and vault maps discovered:
D:1:      dpeg_arrival_three_same_balls, layout_basic

Notes
Turn   | Place    | Note
-------+----------+-------------------------------------------
     0 | Abyss:1  | Dracia the Demonspawn Abyssal Knight began the quest for
                  | the Orb.
     0 | Abyss:1  | Reached XP level 1. HP: 18/18 MP: 2/2
    47 | Abyss:1  | Noticed a large abomination
    48 | D:1      | You pass through the gate.
    48 | D:1      | Escaped the Abyss
   121 | D:1      | Reached skill level 2 in Long Blades
   333 | D:1      | Reached skill level 3 in Invocations
   333 | D:1      | Gained mutation: When hurt, damage is shared between your
                  | health and your magic reserves. [demonic ancestry]
   333 | D:1      | Reached XP level 2. HP: 24/24 MP: 2/4
   635 | D:1      | Identified a potion of resistance
   641 | D:1      | You feel monstrous as your demonic heritage exerts itself.
   641 | D:1      | Gained mutation: You have a pair of small antennae on your
                  | head. [demonic ancestry]
   641 | D:1      | Reached XP level 3. HP: 13/29 MP: 2/5
   654 | D:1      | HP: 4/43 [poisoned by a gnoll]
   659 | D:1      | HP: 3/43 [poisoned by a gnoll]
   666 | D:1      | HP: 1/29 [poisoned by a gnoll]
   670 | D:1      | Succumbed to a gnoll's poison

Vanquished Creatures
  A gnoll (D:1)
  An ooze (D:1)
  2 dart slugs (D:1)
  A bat (D:1)
  3 giant cockroaches (D:1)
  A kobold (D:1)
  A frilled lizard (D:1)
  2 goblins (D:1)
12 creatures vanquished.

Table legend: (Time is in decaauts)
 A = Elapsed time spent in this place.
 B = Non-inter-level travel time spent in this place.
 C = Inter-level travel time spent in this place.
 D = Time resting spent in this place.
 E = Time spent auto-exploring this place.
 F = Levels seen in this place.
 G = Mean time per level.
                   A        B        C        D        E       F      G
               +--------+--------+--------+--------+--------+-----+--------+
         Total |    676 |    676 |      0 |     18 |    543 |   2 |  338.0 |
       Dungeon |    627 |    627 |      0 |     18 |    496 |   1 |  627.0 |
         Abyss |     48 |     48 |      0 |      0 |     47 |   1 |   48.0 |
               +--------+--------+--------+--------+--------+-----+--------+

Top non-repeatable levels by time:
     D:1: 627 daAuts
 Abyss:1: 48 daAuts

Table legend:
 A = Non-vault XP
 B = Vault XP
 C = Vault XP percentage of total XP
 D = Non-vault monster count
 E = Vault monster count
 F = Vault count percentage of total count
                 A         B        C        D         E       F
            +---------+---------+-------+---------+---------+-------
      Total |      43 |       0 |   0.0 |      12 |       0 |   0.0
            +---------+---------+-------+---------+---------+-------
        D:1 |      43 |       0 |   0.0 |      12 |       0 |   0.0
            +---------+---------+-------+---------+---------+-------
